 Dungeon Crawl Stone Soup version 0.25.1-2-g60ff931df9 (webtiles) character file.

Game seed: 14504156508542295280

9187 Forgol the Carver (level 11, 0/97 HPs)
             Began as a Minotaur Fighter on Sept 10, 2020.
             Was a High Priest of Cheibriados.
             Slain by an unseen horror (7 damage)
             ... on level 11 of the Dungeon.
             The game lasted 00:25:17 (10267 turns).

Forgol the Carver (Minotaur Fighter)               Turns: 10267, Time: 00:25:18

Health: 0/97       AC: 17    Str: 38    XL:     11   Next: 19%
Magic:  10/10      EV:  5    Int: 19    God:    Cheibriados [*****.]
Gold:   0          SH: 21    Dex: 24    Spells: 10/10 levels left

rFire    . . .     SeeInvis .   z - +1 scimitar (flame)
rCold    . . .     Gourm    .   F - +0 tower shield
rNeg     . . .     Faith    +   j - +3 plate armour
rPois    +         Spirit   .   (helmet restricted)
rElec    .         Reflect  .   (no cloak)
rCorr    .         Harm     .   (no gloves)
MR       .....                  (no boots)
Stlth    ..........             b - amulet of faith
HPRegen  0.26/turn              w - ring of stealth
MPRegen  0.12/turn              y - ring of poison resistance

@: very slightly contaminated, very slow
A: retaliatory headbutt, horns 2
a: Bend Time, Temporal Distortion, Slouch, Step From Time, Renounce Religion


You were on level 11 of the Dungeon.
You worshipped Cheibriados.
Cheibriados was extremely pleased with you.
You were not hungry.

You visited 2 branches of the dungeon, and saw 12 of its levels.

Inventory:

Hand Weapons
 z - a +1 scimitar of flaming (weapon)
Missiles
 t - 15 boomerangs (quivered)
 B - 3 silver boomerangs
Armour
 j - a +3 plate armour (worn)
 F - a +0 tower shield (worn)
Jewellery
 b - an amulet of faith (around neck)
 h - an uncursed amulet of magic regeneration
 w - a ring of stealth (left hand)
 x - an uncursed ring of protection from cold
 y - a ring of poison resistance (right hand)
 C - an uncursed amulet of reflection
Wands
 r - a wand of clouds (10)
 s - a wand of iceblast (7)
 u - a wand of flame (18)
 A - a wand of acid (13)
 E - a wand of digging (8)
Scrolls
 e - 3 scrolls of teleportation
 g - 3 scrolls of remove curse
 i - a scroll of blinking
 v - 2 scrolls of fog
 H - a scroll of amnesia {unknown}
Potions
 c - a potion of magic
 d - a potion of lignification
 k - 3 potions of curing
 l - a potion of stabbing
 m - a potion of flight
 n - 4 potions of brilliance
 o - a potion of heal wounds
 p - a potion of degeneration {unknown}
 q - 3 potions of mutation
 D - a potion of might
 G - a potion of ambrosia {unknown}
Comestibles
 a - 2 chunks of flesh
 f - 15 rations


   Skills:
 + Level 9.5 Fighting
 * Level 14.0 Long Blades
 + Level 9.6 Armour
 + Level 9.5 Shields


You had 10 spell levels left.
You didn't know any spells.
Your spell library contained the following spells:

 Spells                   Type           Power        Failure   Level  Hunger
 Beastly Appendage        Tmut           #.....       100%        1    ##.....
 Magic Dart               Conj           #...         100%        1    ##.....
 Blink                    Tloc           N/A          100%        2    ###....
 Call Imp                 Summ           #.......     100%        2    ###....
 Shroud of Golubria       Chrm/Tloc      #.....       100%        2    ###....
 Slow                     Hex            #.......     100%        2    ###....
 Sticks to Snakes         Tmut           #.......     100%        2    ###....
 Conjure Flame            Conj/Fire      #.......     100%        3    ####...
 Gell's Gravitas          Tloc           #.........   100%        3    ####...
 Lesser Beckoning         Tloc           #.........   100%        3    ####...
 Mephitic Cloud           Conj/Pois/Air  #.......     100%        3    ####...
 Spider Form              Tmut/Pois      #.........   100%        3    ####...
 Teleport Other           Tloc           #.......     100%        3    ####...
 Ice Form                 Ice/Tmut       #.......     100%        4    #####..
 Passage of Golubria      Tloc           N/A          100%        4    #####..
 Blade Hands              Tmut           #.........   100%        5    ######.


Dungeon Overview and Level Annotations

Branches:
Dungeon (11/15)            Temple (0/1) D:7             Orc (1/2) D:10
   Lair: D:8-11

Altars:
Cheibriados
Makhleb
Ru
Sif Muna
Uskayaw
Vehumet
Wu Jian
The Shining One

Shops:
D:9 ?   D:10 [

Annotations:
D:10 Maurice
Orc:1 Sonja


Innate Abilities, Weirdness & Mutations

You reflexively headbutt those who attack you in melee.
You have a pair of horns on your head.


Message History

The orc warrior hits you with a +0 hand axe!
* * * LOW HITPOINT WARNING * * *
You hit the orc warrior. You burn the orc warrior.
The orc warrior is severely wounded.
You block something's attack. You block the yak's attack.
You block the orc warrior's attack.
You hit the orc warrior but do no damage.
You headbutt the orc warrior.
The orc warrior is severely wounded.
Something hits you!
* * * LOW HITPOINT WARNING * * *
Something hits you but does no damage. You block the yak's attack.
Blink to where?
Press: ? - help, Dir - move target cursor You are very lightly contaminated with residual magic.
As you read the scroll of blinking, it crumbles to dust.
Something hits you!
* * * LOW HITPOINT WARNING * * *
Something hits you!
You die...

###########
######
#..@......#
#.....
#.{####...#
#..### #.{#
#...# #..#
#..# #...#
#..# #..#
#...# #..#
#..# #...#
#..# #..#
#...# #..#
#o.# #...#
#..# #.Y#
#...# #..#


You could see an orc warrior.

Vanquished Creatures
  A centaur warrior (D:8)
  An orc knight (D:10)
  An efreet (D:8)
  3 trolls
  3 hippogriffs
  Sigmund (D:2)
  A wyvern (D:9)
  6 yaks (D:11)
  4 hungry ghosts
  2 wargs (D:11)
  3 sky beasts
  A black bear (D:6)
  7 orc warriors
  4 phantoms
  An eye of draining (D:10)
  6 ogres
  4 centaurs
  A big kobold (D:11)
  A gnoll sergeant (D:7)
  4 bullfrogs
  3 scorpions
  3 wights (D:7)
  5 howler monkeys
  A centaur zombie (D:7)
  4 crimson imps
  2 bullfrog zombies
  2 jellies
  9 orc priests
  2 centaur skeletons
  4 hounds
  3 orc wizards
  A bullfrog skeleton (D:4)
  An iguana (D:9)
  Natasha (twice) (D:2)
  5 worker ants
  A killer bee zombie (D:6)
  A worker ant zombie (D:10)
  A hound skeleton (D:9)
  A howler monkey zombie (D:5)
  Robin (D:2)
  7 gnolls
  12 adders
  2 shadow imps
  An ooze (D:1)
  An adder zombie (D:9)
  3 worms (D:2)
  A dart slug (D:1)
  3 leopard geckos
  27 orcs
  A ball python (D:1)
  10 bats
  4 giant cockroaches
  17 goblins
  16 hobgoblins
  5 jackals
  8 kobolds
  6 quokkas
  A ball python skeleton (D:5)
  3 frilled lizards
  A leopard gecko zombie (D:8)
  13 rats
249 creatures vanquished.

Notes
Turn   | Place    | Note
-------+----------+-------------------------------------------
     0 | D:1      | Forgol the Minotaur Fighter began the quest for the Orb.
     0 | D:1      | Reached XP level 1. HP: 19/19 MP: 0/0
     2 | D:1      | Noticed an electric eel
     8 | D:1      | Reached skill level 3 in Long Blades
    37 | D:1      | Reached XP level 2. HP: 26/26 MP: 1/1
   226 | D:1      | Reached skill level 4 in Long Blades
   428 | D:1      | Reached XP level 3. HP: 28/31 MP: 2/2
  1047 | D:2      | Reached skill level 5 in Long Blades
  1057 | D:2      | Noticed Sigmund
  1076 | D:2      | Killed Sigmund
  1076 | D:2      | Reached skill level 7 in Long Blades
  1076 | D:2      | Reached XP level 4. HP: 23/39 MP: 3/3
  1076 | D:2      | Reached XP level 5. HP: 27/45 MP: 4/4
  1267 | D:2      | Found a snail-covered altar of Cheibriados.
  1368 | D:2      | Found a glowing golden altar of the Shining One.
  1415 | D:2      | Noticed Natasha
  1416 | D:2      | Killed Natasha
  1592 | D:2      | Reached XP level 6. HP: 47/51 MP: 5/5
  1763 | D:2      | Noticed Robin
  1791 | D:2      | Killed Robin
  2012 | D:2      | Noticed Natasha
  2021 | D:2      | Killed Natasha
  2037 | D:2      | Became a worshipper of Cheibriados the Contemplative
  2087 | D:2      | Reached skill level 8 in Long Blades
  2545 | D:3      | Reached * piety under Cheibriados
  3153 | D:4      | Reached XP level 7. HP: 60/60 MP: 6/6
  3413 | D:4      | Found a sacrificial altar of Ru.
  3603 | D:4      | Found an ornate altar of the Wu Jian Council.
  3775 | D:5      | Entered Level 5 of the Dungeon
  3828 | D:5      | Reached skill level 9 in Long Blades
  4024 | D:5      | Reached ** piety under Cheibriados
  4178 | D:5      | Reached skill level 5 in Fighting
  4178 | D:5      | Reached skill level 5 in Armour
  4178 | D:5      | Reached skill level 5 in Shields
  4183 | D:5      | Reached XP level 8. HP: 48/68 MP: 7/7
  5065 | D:6      | Reached skill level 10 in Long Blades
  5323 | D:6      | Found a shimmering blue altar of Sif Muna.
  5339 | D:6      | Found a burning altar of Makhleb.
  5339 | D:6      | Found a hide-covered altar of Uskayaw.
  5339 | D:6      | Found a radiant altar of Vehumet.
  5935 | D:7      | Reached *** piety under Cheibriados
  6034 | D:7      | Found a staircase to the Ecumenical Temple.
  6038 | D:7      | Noticed a hippogriff
  6049 | D:7      | Killed a hippogriff
  6049 | D:7      | Reached XP level 9. HP: 54/78 MP: 8/8
  6276 | D:7      | Reached skill level 11 in Long Blades
  6826 | D:8      | Noticed an efreet
  6830 | D:8      | Killed an efreet
  6963 | D:8      | Noticed a centaur warrior
  6971 | D:8      | Killed a centaur warrior
  6971 | D:8      | Reached **** piety under Cheibriados
  6971 | D:8      | Reached skill level 12 in Long Blades
  6980 | D:8      | Reached XP level 10. HP: 88/88 MP: 9/9
  8019 | D:9      | Found a burning altar of Makhleb.
  8263 | D:9      | Found Nueptef's Magic Scroll Emporium.
  8556 | D:10     | Entered Level 10 of the Dungeon
  8608 | D:10     | Reached ***** piety under Cheibriados
  8611 | D:10     | Reached skill level 13 in Long Blades
  9019 | D:10     | Found Ipheufol's Armour Emporium.
  9022 | D:10     | Found a staircase to the Orcish Mines.
  9028 | D:10     | Noticed an orc knight
  9045 | D:10     | Killed an orc knight
  9444 | Orc:1    | Entered Level 1 of the Orcish Mines
  9444 | Orc:1    | Noticed Sonja
  9448 | Orc:1    | Noticed Maurice
  9456 | Orc:1    | Reached XP level 11. HP: 97/97 MP: 10/10
 10241 | D:11     | Reached skill level 14 in Long Blades
 10267 | D:11     | Slain by an unseen horror

Illustrated notes

Levels and vault maps discovered:
D:1:      arrival_aquarium_a, layout_basic, minmay_bisected
D:2:      layout_basic, lemuel_round_altar, first_ration, tso_metal_star,
          uniq_natasha, uniq_robin, uniq_sigmund
D:3:      layout_basic
D:4:      layout_basic, minitemple, minmay_misc_feat_chi
D:5:      layout_loops_ring
D:6:      layout_cave_pods, chequers_temple_overflow_statue_of_worship
D:7:      layout_rooms, minmay_temple_entry_large_hall
D:8:      minmay_cornered_nines, layout_loops_corners
D:9:      layout_stronghold, serial_shops, nicolae_shop_behind_doors,
          serial_column_ruins, column_ruins_open_small, column_ruins_open_small,
          column_ruins_open_tiny, column_ruins_grid_1, column_ruins_corridor_T,
          basic_altar
D:10:     layout_roguey, orc_david_3
D:11:     layout_long_grid, erik_lair_orcish_takeover
Orc:1:    layout_diamond_mine, uniq_sonja, uniq_maurice

Skill      XL: |  1  2  3  4  5  6  7  8  9 10 11 |
---------------+----------------------------------+-----
Long Blades    | 3 4 7 8 9 10 12 13 14 | 14.0
Fighting       | 4 5 6 7 9 |  9.5
Armour         | 4 5 6 7 9 |  9.6
Shields        | 4 5 6 7 9 |  9.5

Action                   |  1- 3 |  4- 6 |  7- 9 | 10-12 || total
-------------------------+-------+-------+-------+-------++-------
Melee: Long sword        |   122 |   189 |   218 |       ||   529
       Headbutt          |    13 |    33 |    77 |    53 ||   176
       Scimitar          |       |       |    17 |   190 ||   207
       Unarmed           |       |       |       |     6 ||     6
  Use: Scroll            |     4 |     3 |     8 |    14 ||    29
       Potion            |     1 |       |       |     1 ||     2
  Eat: Chunk             |     1 |     6 |     7 |     9 ||    23
Armor: Scale mail        |    20 |       |       |       ||    20
       Plate armour      |    42 |   106 |    96 |    67 ||   311
       Skin              |       |       |       |     2 ||     2
Dodge: Dodged            |    25 |    24 |    34 |    31 ||   114
Block: Kite shield       |    65 |    99 |   122 |    62 ||   348
       Tower shield      |       |       |       |    99 ||    99
       Rpst.: Long sword |     7 |     8 |     7 |       ||    22
       Scimitar          |       |       |       |     7 ||     7
